 Dungeon Crawl Stone Soup version 0.25-a0-661-g55ea3d2053 (webtiles) character file.

Game seed: 10090216081403150575, levelgen mode: deterministic

28 Amnesiac the Cutter (level 3, 0/25 HPs)
             Began as a Halfling Monk on Mar 23, 2020.
             Slain by a hobgoblin
             ... wielding a +0 club
              (1 damage)
             ... on level 2 of the Dungeon.
             The game lasted 00:02:02 (919 turns).

Amnesiac the Cutter (Halfling Monk)                  Turns: 919, Time: 00:02:03

Health: 0/25       AC:  2    Str: 12    XL:     3   Next: 30%
Magic:  3/3        EV: 16    Int:  8    God:
Gold:   39         SH:  0    Dex: 17    Spells: 2/2 levels left

rFire    . . .     SeeInvis .   a - +0 short sword
rCold    . . .     Gourm    .   (shield restricted)
rNeg     . . .     Faith    .   b - +0 robe
rPois    .         Spirit   .   (no helmet)
rElec    .         Reflect  .   (no cloak)
rCorr    .         Harm     .   (no gloves)
MR       .....                  (no boots)
Stlth    ++........             (no amulet)
HPRegen  0.08/turn              (no ring)
MPRegen  0.08/turn              (no ring)

@: lethally poisoned (0 -> -3)
A: small, mutation resistance 1
a: no special abilities


You were on level 2 of the Dungeon.
You were not hungry.

You visited 1 branch of the dungeon, and saw 2 of its levels.

You collected 39 gold pieces.

Inventory:

Hand Weapons
 a - a +0 short sword (weapon)
Armour
 b - a +0 robe (worn)
Scrolls
 e - a scroll of identify {!r, unknown}
 g - a scroll of teleportation {!r, unknown}
Comestibles
 c - 2 rations
 d - a chunk of flesh


   Skills:
 + Level 2.6 Fighting
 - Level 4.7 Short Blades
 - Level 3.2 Dodging
 - Level 2.8 Stealth


You had 2 spell levels left.
You didn't know any spells.
Your spell library was empty.

Dungeon Overview and Level Annotations

Branches:
Dungeon (2/15)

Altars:


Innate Abilities, Weirdness & Mutations

You are small and have problems with some larger weapons.
You are somewhat resistant to further mutation.


Message History

You now have 31 gold pieces (gained 13).
There is a stone staircase leading up here.
You now have 39 gold pieces (gained 8).
There is a stone staircase leading up here.
A kobold comes into view. It is wielding a +0 dagger.
The kobold shouts!
The kobold throws a stone.
The stone hits you but does no damage.
You see here a stone.
A kobold is nearby!
A worker ant comes into view.
The kobold throws a stone.
The stone closely misses you.
Found a stone staircase leading down.
The kobold hits you with a +0 dagger.
You miss the kobold.
A bat comes into view.
The kobold hits you with a +0 dagger.
You hit the kobold.
The kobold is severely wounded.
The kobold completely misses you.
You barely miss the kobold.
The kobold is severely wounded.
The worker ant bites you. The bat hits you but does no damage.
The kobold throws a stone.
The stone closely misses you.
You see here a stone.
You see here a stone.
The worker ant bites you!
* * * LOW HITPOINT WARNING * * *
You are lethally poisoned!
The worker ant poisons you!
* * * LOW HITPOINT WARNING * * *
You feel sick.
* * * LOW HITPOINT WARNING * * *
You feel sick.
* * * LOW HITPOINT WARNING * * *
You feel sick.
There is a stone staircase leading up here.
* * * LOW HITPOINT WARNING * * *
You feel sick. The worker ant closely misses you.
* * * LOW HITPOINT WARNING * * *
You feel sick.
There is a stone staircase leading up here.
The bat hits you but does no damage.
Found 18 gold pieces.
The bat hits you but does no damage. x2
A rat and a hobgoblin come into view.
* * * LOW HITPOINT WARNING * * *
You feel sick. The bat hits you but does no damage.
You aren't carrying any potions.
Okay, then.
A hobgoblin comes into view. It is wielding a +0 club.
The bat hits you but does no damage. The bat closely misses you.
The rat closely misses you.
The hobgoblin shouts!
* * * LOW HITPOINT WARNING * * *
You feel sick.
The bat barely misses you. x2; The rat bites you.
* * * LOW HITPOINT WARNING * * *
The bat closely misses you. The hobgoblin barely misses you.
The kobold throws a stone.
The stone barely misses you.
You see here a stone.
The bat hits you but does no damage.
You closely miss the hobgoblin. The hobgoblin hits you with a +0 club.
You die...

##################
#.......##.......#
#.....$.##.###...#
####
#..@..aK......###...
#.##g##.###<..<...##
#...g...#.###.###.#
#......r.♣..♣....###.#
#.#####..♣.♣♣♣....##b#
..♣♣.♣♣ ♣.♣♣.##K# ##.
.♣ ♣♣ ♣.##(# #. ♣.
♣.##(## .. ♣♣ ..##$..


You could see a worker ant, 2 hobgoblins, a kobold and a rat.

Vanquished Creatures
  An adder (D:2)
  A dart slug (D:1)
  2 goblins (D:1)
  5 hobgoblins (D:1)
  A kobold (D:1)
  4 bats (D:1)
  2 frilled lizards (D:1)
  2 rats
18 creatures vanquished.

Notes
Turn   | Place    | Note
-------+----------+-------------------------------------------
     0 | D:1      | Amnesiac the Halfling Monk began the quest for the Orb.
     0 | D:1      | Reached XP level 1. HP: 15/15 MP: 1/1
   219 | D:1      | Reached skill level 4 in Short Blades
   237 | D:1      | Reached XP level 2. HP: 13/20 MP: 2/2
   669 | D:2      | Reached XP level 3. HP: 9/25 MP: 3/3
   916 | D:2      | HP: 1/25 [rat (1)]
   919 | D:2      | Slain by a hobgoblin

Levels and vault maps discovered:
D:1:      dpeg_arrival_erosion, layout_basic
D:2:      layout_loops_cross, chequers_ecumenical_altar_grove, first_ration,
          uniq_sigmund

Skill      XL: |  1 |
---------------+----+-----
Short Blades   | 4 |  4.7
Fighting       | |  2.6
Dodging        | |  3.2
Stealth        | |  2.8

Action                   || total
-------------------------++-------
Melee: Short sword       ||    66
  Use: Scroll            ||     1
 Stab: Sleeping          ||     4
Armor: Robe              ||    18
Dodge: Dodged            ||    73

Table legend:
 A = Non-vault XP
 B = Vault XP
 C = Vault XP percentage of total XP
 D = Non-vault monster count
 E = Vault monster count
 F = Vault count percentage of total count
                 A         B        C        D         E       F
            +---------+---------+-------+---------+---------+-------
      Total |      41 |       0 |   0.0 |      18 |       0 |   0.0
            +---------+---------+-------+---------+---------+-------
        D:1 |      27 |       0 |   0.0 |      16 |       0 |   0.0
        D:2 |      14 |       0 |   0.0 |       2 |       0 |   0.0
            +---------+---------+-------+---------+---------+-------
